TOP OF THE 1ST |
Palm Beach Nationals batting - Pitching for Colorado Avalanche : RHP Dan Hoffman
|
Pitching: RHP Dan Hoffman
|
|
Batting: RHB Bobby Bricker
|
0-0: Ball 1-0: Ball 2-0: Ball 3-0: Base on Balls
|
Batting: RHB Victor Cintron
|
0-0: Foul Ball, location: 2F 0-1: Ball 1-1: Ball 2-1: Called Strike Bobby Bricker steals 2nd base 2-2: Foul Ball, location: 2F 2-2: Ball 3-2: Foul Ball, location: 2F 3-2: Base on Balls
|
Batting: RHB Steve Bauman
|
0-0: Ball 1-0: Ball 2-0: Swinging Strike 2-1: Ball 3-1: SINGLE (Line Drive, 9LM, EV 102.5 MPH) Bobby Bricker to third Victor Cintron to second
|
Batting: RHB Chad Madsen
|
0-0: Ball 1-0: Ball 2-0: Called Strike 2-1: Ball 3-1: Base on Balls Bobby Bricker scores Victor Cintron to third Steve Bauman to second
|
Batting: RHB Antonio Vallez
|
0-0: Ball 1-0: SINGLE (Line Drive, 7LM, EV 110.0 MPH) Victor Cintron scores Steve Bauman to third Chad Madsen to second
|
Batting: RHB Justin Van Houten
|
0-0: Ball 1-0: Called Strike 1-1: Ball 2-1: Ball 3-1: Called Strike 3-2: Base on Balls Steve Bauman scores Chad Madsen to third Antonio Vallez to second
|
Batting: RHB Scott Merritt
|
0-0: Ball 1-0: Ball 2-0: Foul Ball, location: 2F 2-1: Grounds into double play, 5-4-3 (Groundball, 5S, EV 89.4 MPH) Chad Madsen scores Antonio Vallez to third
|
Batting: RHB Jelexiz Cuenca
|
0-0: Ball 1-0: Called Strike 1-1: Foul Ball, location: 2F 1-2: Foul Ball, location: 2F 1-2: Ball 2-2: Ball 3-2: Foul Ball, location: 2F 3-2: Foul Ball, location: 2F 3-2: Ground out 4-3 (Groundball, 4, EV 91.3 MPH)
|
Top of the 1st over - 4 runs, 2 hits, 0 errors, 1 left on base; Palm Beach 4 - Colorado 0 |
BOTTOM OF THE 1ST |
Colorado Avalanche batting - Pitching for Palm Beach Nationals : RHP John Kovach
|
Pitching: RHP John Kovach
|
|
Batting: RHB Kevin Tangeman
|
0-0: Ball 1-0: Foul Ball, location: 2F 1-1: Foul Ball, location: 2F 1-2: Ball 2-2: Ball 3-2: Foul Ball, location: 2F 3-2: Base on Balls
|
Batting: LHB Paul McClintock
|
0-0: Ball 1-0: Called Strike 1-1: Foul Ball, location: 2F 1-2: Ball 2-2: Fielders Choice at 2nd, 1-6 (Groundball, 13S, EV 73.1 MPH)
|
Batting: RHB Ray Insley
|
0-0: Ball 1-0: Foul Ball, location: 2F 1-1: Foul Ball, location: 2F 1-2: Fly out, F7 (Flyball, 7S, EV 87.5 MPH)
|
Batting: RHB John Corfield
|
0-0: Ball 1-0: Fly out, F8 (Line Drive, 8LM, EV 93.1 MPH)
|
Bottom of the 1st over - 0 runs, 0 hits, 0 errors, 1 left on base; Palm Beach 4 - Colorado 0 |
TOP OF THE 2ND |
Palm Beach Nationals batting - Pitching for Colorado Avalanche : RHP Dan Hoffman
|
Batting: RHB Dave Burwell
|
0-0: Ball 1-0: Ball 2-0: SINGLE (Flyball, 8LS, EV 91.3 MPH)
|
Batting: RHB Bobby Bricker
|
0-0: Foul Ball, location: 2F 0-1: Grounds into double play, 5-4-3 (Groundball, 15, EV 81.3 MPH)
|
Batting: RHB Victor Cintron
|
0-0: Called Strike 0-1: Ball 1-1: Called Strike 1-2: Ground out 4-3 (Groundball, 4, EV 90.6 MPH)
|
Top of the 2nd over - 0 runs, 1 hit, 0 errors, 0 left on base; Palm Beach 4 - Colorado 0 |
BOTTOM OF THE 2ND |
Colorado Avalanche batting - Pitching for Palm Beach Nationals : RHP John Kovach
|
Batting: SHB Justin Jackson
|
0-0: Ball 1-0: Ball 2-0: Ground out 4-3 (Groundball, 4, EV 80.6 MPH)
|
Batting: RHB Manny Thompson
|
0-0: Fly out, F8 (Flyball, 8RXD, EV 102.5 MPH)
|
Batting: RHB Maurice Moore
|
0-0: Called Strike 0-1: Fly out, F7 (Flyball, 7D, EV 101.9 MPH)
|
Bottom of the 2nd over - 0 runs, 0 hits, 0 errors, 0 left on base; Palm Beach 4 - Colorado 0 |
TOP OF THE 3RD |
Palm Beach Nationals batting - Pitching for Colorado Avalanche : RHP Dan Hoffman
|
Batting: RHB Steve Bauman
|
0-0: Ground out 2-3 (Groundball, 13S, EV 65.0 MPH)
|
Batting: RHB Chad Madsen
|
0-0: Swinging Strike 0-1: Foul Ball, location: 2F 0-2: Foul Ball, location: 2F 0-2: Ball 1-2: Foul Ball, location: 2F 1-2: Foul Ball, location: 2F 1-2: SOLO HOME RUN (Flyball, 8LXD, EV 116.9 MPH), Distance : 457 ft
|
Batting: RHB Antonio Vallez
|
0-0: Foul Ball, location: 2F 0-1: Swinging Strike 0-2: Foul Ball, location: 2F 0-2: Ball 1-2: Fly out, F6 (Flyball, 6D, EV 80.6 MPH)
|
Pitching: RHP Carlos de Jesus
|
|
Batting: RHB Justin Van Houten
|
0-0: Ball 1-0: Foul Ball, location: 2F 1-1: Ball 2-1: Foul Ball, location: 2F 2-2: Fly out, F9 (Flyball, 9D, EV 97.5 MPH)
|
Top of the 3rd over - 1 run, 1 hit, 0 errors, 0 left on base; Palm Beach 5 - Colorado 0 |
BOTTOM OF THE 3RD |
Colorado Avalanche batting - Pitching for Palm Beach Nationals : RHP John Kovach
|
Batting: SHB Craig Ruzic
|
0-0: Called Strike 0-1: SINGLE (Groundball, 56D, EV 109.4 MPH)
|
Batting: SHB Clayton Saunders
|
0-0: Called Strike 0-1: Fly out, F8 (Flyball, 8LS, EV 85.6 MPH)
|
Batting: RHB Kevin Tangeman
|
0-0: Called Strike 0-1: Ball 1-1: Foul Ball, location: 2F 1-2: Ball 2-2: Fly out, F4 (Popup, 34, EV 76.9 MPH)
|
Batting: LHB Paul McClintock
|
0-0: Ball 1-0: Ground out 4-3 (Groundball, 4, EV 81.3 MPH)
|
Bottom of the 3rd over - 0 runs, 1 hit, 0 errors, 1 left on base; Palm Beach 5 - Colorado 0 |
TOP OF THE 4TH |
Palm Beach Nationals batting - Pitching for Colorado Avalanche : RHP Carlos de Jesus
|
Batting: RHB Scott Merritt
|
0-0: Ball 1-0: Foul Ball, location: 2F 1-1: Called Strike 1-2: Foul Ball, location: 2F 1-2: Ground out U3 (Groundball, 3, EV 81.9 MPH)
|
Batting: RHB Jelexiz Cuenca
|
0-0: DOUBLE (Flyball, 9LD, EV 91.9 MPH) - OUT at third base trying to stretch hit.
|
Batting: RHB Dave Burwell
|
0-0: SINGLE (Line Drive, 6MD, EV 97.5 MPH)
|
Batting: RHB Bobby Bricker
|
0-0: Ball 1-0: Ball 2-0: Called Strike 2-1: Fielders Choice at 2nd, 6-4 (Groundball, 6, EV 85.0 MPH)
|
Top of the 4th over - 0 runs, 2 hits, 0 errors, 1 left on base; Palm Beach 5 - Colorado 0 |
BOTTOM OF THE 4TH |
Colorado Avalanche batting - Pitching for Palm Beach Nationals : RHP John Kovach
|
Batting: RHB Ray Insley
|
0-0: Fly out, F2 (Popup, 13S, EV 89.4 MPH)
|
Batting: RHB John Corfield
|
0-0: Called Strike 0-1: Ball 1-1: Hit by Pitch
|
Batting: SHB Justin Jackson
|
0-0: Ball 1-0: Foul Ball, location: 2F 1-1: Foul Ball, location: 2F 1-2: 2-RUN HOME RUN (Flyball, 9D, EV 98.8 MPH), Distance : 393 ft
|
Batting: RHB Manny Thompson
|
0-0: Ball 1-0: Called Strike 1-1: Foul Ball, location: 2F 1-2: Strikes out swinging
|
Batting: RHB Maurice Moore
|
0-0: Called Strike 0-1: Fly out, F8 (Flyball, 8RXD, EV 96.3 MPH)
|
Bottom of the 4th over - 2 runs, 1 hit, 0 errors, 0 left on base; Palm Beach 5 - Colorado 2 |
TOP OF THE 5TH |
Palm Beach Nationals batting - Pitching for Colorado Avalanche : RHP Carlos de Jesus
|
Batting: RHB Victor Cintron
|
0-0: Ground out 4-3 (Groundball, 4, EV 86.9 MPH)
|
Batting: RHB Steve Bauman
|
0-0: Foul Ball, location: 2F 0-1: Fly out, F7 (Flyball, 7S, EV 93.8 MPH)
|
Batting: RHB Chad Madsen
|
0-0: Called Strike 0-1: Foul Ball, location: 2F 0-2: Fly out, F7 (Flyball, 7LM, EV 88.8 MPH)
|
Top of the 5th over - 0 runs, 0 hits, 0 errors, 0 left on base; Palm Beach 5 - Colorado 2 |
BOTTOM OF THE 5TH |
Colorado Avalanche batting - Pitching for Palm Beach Nationals : RHP John Kovach
|
Batting: SHB Craig Ruzic
|
0-0: Ball 1-0: Fly out, F7 (Flyball, 7, EV 91.3 MPH)
|
Batting: SHB Clayton Saunders
|
0-0: Ball 1-0: Bunt for hit to 13S - play at first, batter OUT! 1-3
|
Batting: RHB Kevin Tangeman
|
0-0: Called Strike 0-1: Foul Ball, location: 2F 0-2: SINGLE (Line Drive, 8LS, EV 110.6 MPH)
|
Batting: LHB Paul McClintock
|
0-0: 2-RUN HOME RUN (Flyball, 9D, EV 101.3 MPH), Distance : 392 ft
|
Batting: RHB Ray Insley
|
0-0: SINGLE (Line Drive, 78S, EV 92.5 MPH)
|
Batting: RHB John Corfield
|
0-0: Ball 1-0: SINGLE (Groundball, 6MD, EV 108.8 MPH) Ray Insley to second
|
Batting: SHB Justin Jackson
|
0-0: Ball 1-0: Ball 2-0: Fly out, F8 (Flyball, 8RS, EV 91.3 MPH)
|
Bottom of the 5th over - 2 runs, 4 hits, 0 errors, 2 left on base; Palm Beach 5 - Colorado 4 |
TOP OF THE 6TH |
Palm Beach Nationals batting - Pitching for Colorado Avalanche : RHP Carlos de Jesus
|
Batting: RHB Antonio Vallez
|
0-0: Ball 1-0: Fly out, F9 (Flyball, 89S, EV 83.1 MPH)
|
Batting: RHB Justin Van Houten
|
0-0: Ball 1-0: Fly out, F8 (Flyball, 8RS, EV 83.8 MPH)
|
Batting: RHB Scott Merritt
|
0-0: Ball 1-0: Ball 2-0: Ball 3-0: Base on Balls
|
Batting: RHB Jelexiz Cuenca
|
0-0: Ball 1-0: Ball 2-0: Ground out 4-3 (Groundball, 4, EV 104.4 MPH)
|
Top of the 6th over - 0 runs, 0 hits, 0 errors, 1 left on base; Palm Beach 5 - Colorado 4 |
BOTTOM OF THE 6TH |
Colorado Avalanche batting - Pitching for Palm Beach Nationals : RHP John Kovach
|
Batting: RHB Manny Thompson
|
0-0: Ball 1-0: SINGLE (Groundball, 34D, EV 93.8 MPH)
|
Batting: RHB Maurice Moore
|
0-0: Ball 1-0: Fly out, F8 (Flyball, 89M, EV 88.1 MPH)
|
Batting: SHB Craig Ruzic
|
0-0: Fly out, F3 (Line Drive, 3, EV 65.6 MPH) Lined into DP, U3 (Line Drive, 3, EV 65.6 MPH)
|
Bottom of the 6th over - 0 runs, 1 hit, 0 errors, 0 left on base; Palm Beach 5 - Colorado 4 |
TOP OF THE 7TH |
Palm Beach Nationals batting - Pitching for Colorado Avalanche : RHP Carlos de Jesus
|
Batting: RHB Dave Burwell
|
0-0: Ground out 6-3 (Groundball, 6, EV 87.5 MPH)
|
Batting: RHB Bobby Bricker
|
0-0: Ball 1-0: Fly out, F8 (Flyball, 8RD, EV 105.0 MPH)
|
Batting: RHB Victor Cintron
|
0-0: Called Strike 0-1: Ball 1-1: Called Strike 1-2: Ground out 4-3 (Groundball, 4, EV 88.1 MPH)
|
Top of the 7th over - 0 runs, 0 hits, 0 errors, 0 left on base; Palm Beach 5 - Colorado 4 |
BOTTOM OF THE 7TH |
Colorado Avalanche batting - Pitching for Palm Beach Nationals : RHP John Kovach
|
Batting: SHB Clayton Saunders
|
0-0: Ground out 4-3 (Groundball, 4MS, EV 86.3 MPH)
|
Batting: RHB Kevin Tangeman
|
0-0: Ball 1-0: Called Strike 1-1: Foul Ball, location: 2F 1-2: Strikes out swinging
|
Batting: LHB Paul McClintock
|
0-0: Ground out 4-3 (Groundball, 4, EV 82.5 MPH)
|
Bottom of the 7th over - 0 runs, 0 hits, 0 errors, 0 left on base; Palm Beach 5 - Colorado 4 |
TOP OF THE 8TH |
Palm Beach Nationals batting - Pitching for Colorado Avalanche : RHP Carlos de Jesus
|
Batting: RHB Steve Bauman
|
0-0: Fly out, F2 (Popup, 3SF, EV 77.5 MPH)
|
Batting: RHB Chad Madsen
|
0-0: Foul Ball, location: 2F 0-1: Ball 1-1: Ball 2-1: Called Strike 2-2: Foul Ball, location: 2F 2-2: Ground out 6-3 (Groundball, 6, EV 84.4 MPH)
|
Batting: RHB Antonio Vallez
|
0-0: Fly out, F8 (Flyball, 8RD, EV 106.9 MPH)
|
Top of the 8th over - 0 runs, 0 hits, 0 errors, 0 left on base; Palm Beach 5 - Colorado 4 |
BOTTOM OF THE 8TH |
Colorado Avalanche batting - Pitching for Palm Beach Nationals : RHP John Kovach
|
Batting: RHB Ray Insley
|
0-0: Ground out 1-5-3 (Groundball, 15S, EV 108.8 MPH)
|
Batting: RHB John Corfield
|
0-0: Ball 1-0: Ball 2-0: Called Strike 2-1: Ball 3-1: Base on Balls
|
Batting: SHB Justin Jackson
|
0-0: Ball 1-0: Ball 2-0: 2-RUN HOME RUN (Flyball, 89XD, EV 115.0 MPH), Distance : 441 ft
|
Batting: RHB Manny Thompson
|
0-0: Ball 1-0: DOUBLE (Line Drive, 8RD, EV 106.9 MPH)
|
Batting: SHB Jamie Mims
|
0-0: Intentional Walk
|
Batting: SHB Craig Ruzic
|
0-0: Ball 1-0: Ball 2-0: Ball 3-0: Base on Balls Manny Thompson to third Jamie Mims to second
|
Batting: SHB Clayton Saunders
|
0-0: Called Strike 0-1: Ball 1-1: Grounds into fielders choice 3-2 (Groundball, 34S, EV 66.9 MPH) Jamie Mims to third Craig Ruzic to second
|
Batting: RHB Kevin Tangeman
|
0-0: Foul Ball, location: 2F 0-1: Called Strike 0-2: Ball 1-2: Foul Ball, location: 2F 1-2: Ball 2-2: Strikes out looking
|
Bottom of the 8th over - 2 runs, 2 hits, 0 errors, 3 left on base; Palm Beach 5 - Colorado 6 |
TOP OF THE 9TH |
Palm Beach Nationals batting - Pitching for Colorado Avalanche : RHP Carlos de Jesus
|
Now at SS: Bob Hayes
|
|
Now in RF: Craig Ruzic
|
|
Pinch Hitting: LHB Chance McWilliams
|
0-0: Ball 1-0: DOUBLE (Line Drive, 8RXD, EV 110.0 MPH)
|
Pinch Hitting: SHB Curtis DeLille
|
0-0: Swinging Strike 0-1: Ball 1-1: Ball 2-1: Ball 3-1: Base on Balls
|
Pinch Hitting: LHB Vince McLane
|
0-0: Ball 1-0: Ball 2-0: Ball Wild Pitch! Chance McWilliams to third Curtis DeLille to second 3-0: Intentional Walk
|
Pinch Hitting: RHB Gregg Huddleston
|
0-0: Ball 1-0: Ball 2-0: Ball 3-0: Called Strike 3-1: Called Strike 3-2: Base on Balls Chance McWilliams scores Curtis DeLille to third Vince McLane to second
|
Pitching: RHP Justin Garrett
|
|
Batting: RHB Bobby Bricker
|
0-0: Called Strike 0-1: Fly out, F9 (Line Drive, 9, EV 86.9 MPH)
|
Batting: RHB Victor Cintron
|
0-0: Ball 1-0: Ball Wild Pitch! Curtis DeLille scores Vince McLane to third Gregg Huddleston to second 2-0: Called Strike 2-1: Ball 3-1: Called Strike 3-2: SINGLE (Flyball, 34D, EV 92.5 MPH) Vince McLane scores Gregg Huddleston to third Runner from 3rd tries for Home, SAFE, throw by RF to home
|
Batting: RHB Steve Bauman
|
0-0: Ball 1-0: Ball Victor Cintron steals 2nd base 2-0: Foul Ball, location: 2F 2-1: Ground out 6-3 (Groundball, 6, EV 83.8 MPH)
|
Batting: RHB Chad Madsen
|
0-0: Fly out, F9 (Flyball, 89D, EV 88.8 MPH)
|
Top of the 9th over - 4 runs, 2 hits, 0 errors, 1 left on base; Palm Beach 9 - Colorado 6 |
BOTTOM OF THE 9TH |
Colorado Avalanche batting - Pitching for Palm Beach Nationals : RHP John Kovach
|
Now at C: Kiyonaga Nakamura
|
|
Now at SS: Jason Ewert
|
|
Now in CF: Steve Kunselman
|
|
Now in RF: Lamar Thornton
|
|
Batting: LHB Paul McClintock
|
0-0: Ball 1-0: Ball 2-0: SINGLE (Line Drive, 8LS, EV 103.8 MPH)
|
Batting: RHB Ray Insley
|
0-0: Ball 1-0: Fly out, F5 (Popup, 15, EV 81.9 MPH)
|
Batting: RHB John Corfield
|
0-0: Fielders Choice at 2nd, 2-6 (Groundball, 2R, EV 70.0 MPH)
|
Batting: SHB Justin Jackson
|
0-0: Ground out 4-3 (Groundball, 4, EV 85.0 MPH)
|
Bottom of the 9th over - 0 runs, 1 hit, 0 errors, 1 left on base; Palm Beach 9 - Colorado 6 |
|